 Dungeon Crawl Stone Soup version 0.20-a0-791-gf6451d4 (webtiles) character file.

4300 Amciq the Fighter (level 10, 0/81 HPs)
             Began as a Minotaur Fighter on Mar 1, 2017.
             Was a Priest of Yredelemnul.
             Succumbed to a water moccasin's poison
             ... on level 10 of the Dungeon.
             The game lasted 00:24:14 (8673 turns).

Amciq the Fighter (Minotaur Fighter)                Turns: 8673, Time: 00:24:14

Health: 0/81       AC:  7    Str: 24    XL:     10   Next: 11%
Magic:  12/12      EV:  8    Int:  5    God:    Yredelemnul [***...]
Gold:   383        SH: 12    Dex: 15    Spells: 9/9 levels left

rFire    + . .     SeeInvis .   d - +3 hand axe
rCold    . . .     Gourm    .   b - +0 scale mail
rNeg     . . .     Faith    .   c - +0 shield
rPois    .         Spirit   .   (helmet unavailable)
rElec    .         Reflect  .   (no cloak)
rCorr    .         Harm     .   (no gloves)
MR       .....                  (no boots)
Stlth    ..........             (no amulet)
Regen    0.3/turn               C - +5 ring of dexterity
MPRegen  0.2/turn               E - ring of fire

@: lethally poisoned (0 -> -9)
A: retaliatory headbutt, horns 3, thin metallic scales 1, cold resistance 1,
deformed body, frail 1, wild magic 2
a: Recall Undead Slaves, Injury Mirror, Animate Dead, Renounce Religion


You were on level 10 of the Dungeon.
You worshipped Yredelemnul.
Yredelemnul was most pleased with you.
You were not hungry.

You visited 1 branch of the dungeon, and saw 10 of its levels.
You also visited: Bailey.

You collected 383 gold pieces.

Inventory:

Hand Weapons
 d - a +3 hand axe (weapon)
Armour
 b - a +0 scale mail (worn)
 c - a +0 shield (worn)
Jewellery
 C - a +5 ring of dexterity (right hand)
 E - a ring of fire (left hand)
Wands
 u - a wand of paralysis (11/24)
 x - a wand of confusion (15/48)
 D - a wand of confusion (35/48)
 G - a wand of lightning (9/15)
Scrolls
 a - a scroll of recharging {unknown}
 e - 2 scrolls of identify
 g - a scroll of noise {unknown}
 m - 5 scrolls of teleportation
 n - a scroll of immolation
 p - 2 scrolls of random uselessness
 q - 2 scrolls of blinking {unknown}
 t - a scroll of remove curse {unknown}
 v - 3 scrolls of fear {unknown}
 y - a scroll of fog {unknown}
Potions
 r - a potion of magic
 s - a potion of flight
 w - 4 potions of agility
 z - a potion of brilliance
Comestibles
 f - 5 bread rations
 h - 8 fruits
 k - 5 meat rations
 B - a royal jelly


   Skills:
 * Level 9.3 Fighting
 * Level 8.9 Axes
 * Level 9.0 Armour
 * Level 9.2 Shields
 + Level 4.2 Invocations


You had 9 spell levels left.
You didn't know any spells.

Dungeon Overview and Level Annotations

Branches:
Dungeon (10/15)            Temple (0/1) D:5             Orc (0/2) D:9
   Lair: D:8-11

Altars:
Cheibriados
Elyvilon
Kikubaaqudgha
Makhleb
Nemelex Xobeh
Okawaru
Qazlal
Sif Muna
Xom
Yredelemnul
The Shining One


Innate Abilities, Weirdness & Mutations

You reflexively headbutt those who attack you in melee.
You have a pair of large horns on your head.
You are partially covered in thin metallic scales. (AC +2)
Your flesh is cold resistant. (rC+)
Armour fits poorly on your strangely shaped body.
You are frail. (-10% HP)
Your spells are harder to cast, but more powerful.


Message History

You feel strangely unstable.
It was a scroll of teleportation.
You block the water moccasin's attack. You block the water moccasin's attack.
Your surroundings seem slightly different.
Found a stone staircase leading down.
Found 2 purple potions.
Found a stone staircase leading down.
There is a stone staircase leading down here.
There are no items here.
There is a stone staircase leading down here.
The water moccasin bites you.
* * * LOW HITPOINT WARNING * * *
The water moccasin bites you!
* * * LOW HITPOINT WARNING * * *
You are lethally poisoned!
The water moccasin poisons you!
You climb downwards. 3 jackals come into view.
You die...
Your body rises from the dead as a mindless zombie.

#### ..h# h...#
....# # ....h.
#..######......
#..............
#......@.......
#.......S......
#..............
.####+#########


You could see a water moccasin and 3 jackals.

Vanquished Creatures
  Grinder (D:3)
  A troll (D:7)
  A hornet (D:7)
  Prince Ribbit (D:7)
  A hungry ghost (D:7)
  A water moccasin (D:6)
  An orc warrior (D:8)
  Duvessa (D:7)
  An ice beast (D:7)
  2 sky beasts (D:5)
  A phantom (D:4)
  An ogre (D:6)
  A centaur (D:7)
  A gnoll sergeant (D:7)
  4 bullfrogs
  Dowan (D:7)
  A scorpion (D:5)
  5 wights (D:5)
  2 howler monkeys
  2 crimson imps
  4 jellies
  6 orc wizards
  6 orc priests
  4 hounds
  Jessica (D:3)
  3 worker ants
  2 hound zombies (D:8)
  A worker ant zombie (D:5)
  Robin (D:4)
  2 gnolls (D:7)
  A howler monkey skeleton (D:3)
  6 adders
  A shadow imp (D:7)
  An ooze (D:2)
  An adder zombie (D:5)
  2 worms (D:2)
  A dart slug (D:2)
  2 leopard geckos
  26 orcs
  6 giant cockroaches
  16 goblins
  20 hobgoblins
  3 iguanas
  A quokka (D:3)
  2 ball pythons
  7 bats
  7 frilled lizards
  A jackal skeleton (D:4)
  A jackal zombie (D:5)
  7 kobolds
  A quokka skeleton (D:5)
  A quokka zombie (D:5)
  A rat (D:1)
175 creatures vanquished.

Vanquished Creatures (collateral kills)
  A two-headed ogre (D:7)
  A hornet (D:8)
  A hippogriff (D:7)
  A sky beast (D:7)
  2 bullfrogs (D:6)
  A scorpion (D:5)
  A jelly (D:7)
  2 gnolls (D:7)
  An adder (D:5)
  An adder skeleton (D:8)
  3 orcs (D:7)
15 creatures vanquished.

Vanquished Creatures (others)
  A hippogriff zombie (D:7)
  A human zombie (D:7)
  An orc wizard (D:6)
  2 hound zombies
  A howler monkey zombie (D:6)
  An elf zombie (D:7)
  A scorpion zombie (D:5)
  A gnoll zombie (D:7)
  7 orc zombies
16 creatures vanquished.

Grand Total: 206 creatures vanquished

Notes
Turn   | Place    | Note
-------+----------+-------------------------------------------
     0 | D:1      | Amciq the Minotaur Fighter began the quest for the Orb.
     0 | D:1      | Reached XP level 1. HP: 19/19 MP: 0/0
   158 | D:1      | Reached XP level 2. HP: 26/27 MP: 1/1
   571 | D:2      | Reached XP level 3. HP: 14/33 MP: 2/2
   848 | D:2      | Found a burning altar of Makhleb.
  1217 | D:2      | Reached XP level 4. HP: 35/40 MP: 3/3
  1226 | D:2      | Found an iron altar of Okawaru.
  1348 | D:3      | Noticed Jessica
  1356 | D:3      | Killed Jessica
  1403 | D:3      | Found a sparkling altar of Nemelex Xobeh.
  1554 | D:3      | Reached XP level 5. HP: 42/47 MP: 4/4
  1571 | D:3      | Found a shimmering altar of Xom.
  1606 | D:3      | Noticed Grinder
  1626 | D:3      | Killed Grinder
  1626 | D:3      | Reached skill level 5 in Fighting
  1626 | D:3      | Reached skill level 5 in Armour
  1626 | D:3      | Reached skill level 5 in Shields
  1626 | D:3      | Reached XP level 6. HP: 25/56 MP: 5/5
  2017 | D:4      | Found a basalt altar of Yredelemnul.
  2018 | D:4      | Noticed Robin
  2022 | D:4      | Became a worshipper of Yredelemnul the Dark
  2036 | D:4      | Killed Robin
  2267 | D:4      | Reached XP level 7. HP: 48/61 MP: 6/6
  2595 | D:4      | Reached skill level 5 in Axes
  2942 | D:4      | Found a deep blue altar of Sif Muna.
  3116 | D:5      | Entered Level 5 of the Dungeon
  3130 | D:5      | Reached skill level 1 in Invocations
  3321 | D:5      | Reached * piety under Yredelemnul
  3572 | D:5      | Reached XP level 8. HP: 64/71 MP: 8/8
  3596 | D:5      | Found a staircase to the Ecumenical Temple.
  3656 | D:5      | Gained mutation: You are frail. (-10% HP) [mutagenic meat]
  3657 | D:5      | Gained mutation: Scrolls take you a little longer to read. [mutagenic meat]
  3658 | D:5      | Gained mutation: You have a pair of large horns on your head. [mutagenic meat]
  3659 | D:5      | Gained mutation: You evolve. [mutagenic meat]
  3660 | D:5      | Gained mutation: You are weak. (Str -2) [mutagenic meat]
  3661 | D:5      | Lost mutation: Scrolls take you a little longer to read. [mutagenic meat]
  3856 | D:5      | Gained mutation: You are partially covered in thin metallic scales. (AC +2) [mutagenic meat]
  5331 | D:7      | Reached ** piety under Yredelemnul
  5555 | D:7      | Noticed Prince Ribbit
  5566 | D:7      | Killed Prince Ribbit
  5566 | D:7      | Reached XP level 9. HP: 30/72 MP: 10/10
  5762 | D:7      | Gained mutation: Your spells are a little harder to cast, but a little more powerful. [evolution]
  5767 | D:7      | Noticed a troll
  5797 | D:7      | Your ally Prince Ribbit died
  5800 | D:7      | Killed a troll
  5816 | D:7      | Noticed Dowan
  5824 | D:7      | Killed Dowan
  5825 | D:7      | Noticed Duvessa
  5838 | D:7      | Killed Duvessa
  5951 | D:7      | Found a flagged portal.
  5964 | Bailey   | Entered a bailey
  6578 | D:7      | Found a stormy altar of Qazlal.
  6649 | D:7      | Found an ancient bone altar of Kikubaaqudgha.
  6649 | D:7      | Found a glowing golden altar of the Shining One.
  6805 | D:8      | Noticed a two-headed ogre
  6827 | D:7      | Killed a two-headed ogre
  7138 | D:8      | Reached XP level 10. HP: 35/81 MP: 12/12
  7159 | D:8      | Lost mutation: You evolve. [potion of mutation]
  7159 | D:8      | Lost mutation: You are weak. (Str -2) [potion of mutation]
  7159 | D:8      | Gained mutation: Armour fits poorly on your strangely shaped body. [potion of mutation]
  7159 | D:8      | Gained mutation: Your spells are harder to cast, but more powerful. [potion of mutation]
  7159 | D:8      | Gained mutation: Your flesh is cold resistant. (rC+) [potion of mutation]
  7379 | D:8      | Paralysed by a hornet for 2 turns
  7726 | D:8      | Found a snail-covered altar of Cheibriados.
  7789 | D:8      | Found a white marble altar of Elyvilon.
  7892 | D:8      | Reached *** piety under Yredelemnul
  7948 | D:9      | Noticed a two-headed ogre
  8179 | D:7      | Your ally Duvessa died
  8555 | D:9      | Found a staircase to the Orcish Mines.
  8672 | D:9      | HP: 1/81 [water moccasin (8)]
  8673 | D:10     | Entered Level 10 of the Dungeon
  8673 | D:10     | Succumbed to a water moccasin's poison

Vault maps used:
D:1:      dpeg_arrival_tiny_d, minmay_curled_crystal
D:2:      bloody_makhleb, overflow_temple_1_default, first_bread, minivault_23
D:3:      corexii_shack_village, nemelex_xobeh_ov_fountains_minmay,
          dk_xom_monty_hall, uniq_jessica, uniq_grinder
D:4:      overflow_temple_1_default, led_sif_book, uniq_robin
D:5:      minmay_temple_entry_statues, kennysheep_nondescript
D:7:      gammafunk_temple_overflow_elements, kennysheep_mini_moat,
          enter_bailey_3, uniq_prince_ribbit1, uniq_duvessa
D:8:      lemuel_doored_altar, cheibrodos_worm_habitat
D:9:      david_orc_1_choice, grunt_ogre_cave, grunt_ministairs_10
D:10:     lair_entry_dummy, nicolae_qazlal_style_of_elements, uniq_psyche
Bailey:   bailey_polearm_2, bailey

Skill      XL: |  1  2  3  4  5  6  7  8  9 10 |
---------------+-------------------------------+-----
Fighting       | 4 5 6 7 9 |  9.3
Shields        | 4 5 6 7 9 |  9.2
Armour         | 4 5 6 7 8 9 |  9.0
Axes           | 3 4 5 7 8 |  8.9
Invocations    | 1 3 4 |  4.2

Action                   |  1- 3 |  4- 6 |  7- 9 | 10-12 || total
-------------------------+-------+-------+-------+-------++-------
Melee: War axe           |    89 |    77 |   287 |       ||   453
       Headbutt          |    11 |    11 |    62 |    16 ||   100
       Hand axe          |       |       |       |    44 ||    44
Invok: Animate Remains   |       |       |    13 |     3 ||    16
       Recall Undead Sla |       |       |       |     4 ||     4
       Animate Dead      |       |       |       |     2 ||     2
  Use: Potion            |       |       |     6 |     3 ||     9
       Scroll            |       |       |       |    12 ||    12
 Stab: Distracted        |       |     1 |       |       ||     1
  Eat: Chunk             |     1 |     4 |    26 |     7 ||    38
Armor: Scale mail        |    49 |    23 |    91 |    11 ||   174
Dodge: Dodged            |    22 |    30 |    68 |    14 ||   134
Block: Shield            |    49 |    48 |   180 |    32 ||   309
